 Dungeon Crawl Stone Soup version 0.21.1-1-g345015fe64 (webtiles) character file.

42439 Gargoyl the Cleaver (level 13, 0/166 HPs)
             Began as a Centaur Abyssal Knight on Mar 1, 2018.
             Was a High Priest of Lugonu.
             Succumbed to a black mamba's poison
             ... on level 6 of the Lair of Beasts.
             The game lasted 00:39:39 (23264 turns).

Gargoyl the Cleaver (Centaur Abyssal Knight)       Turns: 23264, Time: 00:39:40

Health: 0/166      AC: 27    Str: 26    XL:     13   Next: 85%
Magic:  18/21      EV:  5    Int: 15    God:    Lugonu [*****.]
Gold:   744        SH: 13    Dex: 14    Spells: 12/12 levels left

rFire    + . .     SeeInvis +   r - +4 war axe (flame)
rCold    . . .     Gourm    .   C - +1 shield "Viper" {rN+ Int+4}
rNeg     + . .     Faith    .   k - +3 chain mail {rF+}
rPois    .         Spirit   .   (no helmet)
rElec    .         Reflect  +   x - +2 cloak
rCorr    .         Harm     .   I - +0 pair of gloves {archery}
MR       .....                  u - +3 centaur barding "Ygannaguu" {Dex+2}
Stlth    ..........             y - +2 amulet of reflection
HPRegen  0.37/turn              v - ring of see invisible
MPRegen  0.17/turn              z - +4 ring of strength

@: berserking, lethally poisoned (0 -> -45), slowed, very quick
A: large, hooves 3, deformed body, speed 2, tough skin 3
a: Depart the Abyss, Bend Space, Banish, Corrupt, Enter the Abyss, Renounce
Religion


You were on level 6 of the Lair of Beasts.
You worshipped Lugonu.
Lugonu was extremely pleased with you.
You were not hungry.

You visited 2 branches of the dungeon, and saw 16 of its levels.
You visited the Abyss 1 time.

You collected 784 gold pieces.
You spent 40 gold pieces at shops.

Inventory:

Hand Weapons
 b - a +0 war axe
 r - a +4 war axe of flaming (weapon)
Missiles
 p - 5 javelins (quivered)
Armour
 k - a +3 chain mail of fire resistance (worn)
 u - the +3 centaur barding "Ygannaguu" (worn) {Dex+2}
   (You acquired it on level 6 of the Dungeon)

   It affects your dexterity (+2).
 x - a +2 cloak (worn)
 B - a +2 centaur barding of flying
 C - the +1 shield "Viper" (worn) {rN+ Int+4}
   (You found it on level 1 of the Lair of Beasts)

   It affects your intelligence (+4).
   It protects you from negative energy.
 I - a +0 pair of gloves of archery (worn)
Jewellery
 v - a ring of see invisible (left hand)
 y - a +2 amulet of reflection (around neck)
 z - a +4 ring of strength (right hand)
Wands
 d - a wand of polymorph (11)
 g - a wand of digging (10)
 h - a wand of disintegration (16)
 n - a wand of iceblast (25)
 s - a wand of flame (33)
 K - a wand of paralysis (13)
Scrolls
 a - a scroll of fear
 e - 2 scrolls of amnesia
 i - 7 scrolls of identify
 j - 11 scrolls of teleportation
 q - 5 scrolls of remove curse
Potions
 f - 2 potions of agility
 l - a potion of resistance
 m - 3 potions of might
 o - a potion of invisibility
 t - 3 potions of flight
 w - 2 potions of magic
 A - a potion of cancellation
 D - a potion of berserk rage
 G - a potion of degeneration
 J - a potion of brilliance {unknown}
Books
 F - the Catalogue of Axaxaxas mlö
   (You found it on level 10 of the Dungeon)

   Spells                             Type                      Level
   a - Song of Slaying                Charms                       2
   b - Summon Forest                  Summoning/Translocation      5
 H - Ts'ui Pên's Grimoire of Forking Paths
   (You found it on level 10 of the Dungeon)

   Spells                             Type                      Level
   a - Infusion                       Charms                       1
   b - Corona                         Hexes                        1
   c - Ozocubu's Armour               Charms/Ice                   3
Comestibles
 c - 26 rations


   Skills:
 + Level 9.1 Fighting
 + Level 12.3 Axes
 + Level 1.4 Throwing
 * Level 10.5 Armour
 + Level 3.4 Dodging
 + Level 4.5 Shields
 * Level 11.3 Invocations
 + Level 1.0 Evocations


You had 12 spell levels left.
You didn't know any spells.

Dungeon Overview and Level Annotations

Branches:
Dungeon (10/15)            Temple (0/1) D:6            Lair (6/6) D:10
 Shoals (0/4) Lair:4       Spider (0/4) Lair:2          Orc (0/2) D:10
  Slime: Lair:5-6

Altars:
Ashenzari
Dithmenos
Elyvilon
Fedhas
Okawaru
Qazlal
Trog
Uskayaw
Vehumet
Wu Jian
Xom
Yredelemnul

Shops:
D:5 !

Annotations:
D:5 2 transporters
D:7 exclusion: oklob plant
D:9 Psyche
Abyss:1 Harold


Innate Abilities, Weirdness & Mutations

You have hooves in place of feet.
Armour fits poorly on your strangely shaped body.
You cover ground very quickly.
You have extremely tough skin. (AC +3)


Message History

The black mamba is severely wounded.
You slash the black mamba! You burn the black mamba.
You kill the black mamba!
Lugonu accepts your kill.
* * * LOW HITPOINT WARNING * * *
You feel extremely sick.
The black mamba bites you but does no damage.
You block the black mamba's attack.
It was a potion of berserk rage.
A red film seems to cover your vision as you go berserk!
You feel yourself moving faster!
You feel mighty!
* * * LOW HITPOINT WARNING * * *
You feel extremely sick.
The black mamba bites you but does no damage.
You block the black mamba's attack. x2
You are too berserk!
You slice the black mamba!! You burn the black mamba.
You kill the black mamba!
Lugonu accepts your kill.
You die...

#. .. ##. .##
......P....#..P. P..#
#.......P..##P.P# ..P##
..<.............##.....
...............##...P..
#......................
#.............†@...(...
..............†.†..#...
.............../...#
#.................#..#..
.............P#.........
.........P.....#.........
$.........................
#.....P...................
...
...............##.........
...


There were no monsters in sight!

Vanquished Creatures
  Nessos (Lair:5)
  Josephine (Lair:6)
  6 hydras
  A catoblepas (Lair:2)
  2 two-headed ogres
  The ghost of Atelerd the Destroyer, a journeyman TeWz of Vehumet (D:10)
  Nergalle (Lair:2)
  2 wizards (D:10)
  Pikel (D:7)
  A cyclops (D:8)
  An ugly thing (D:10)
  2 wolf spiders (Lair:6)
  A deep elf mage (D:10)
  4 merfolk sirens (Lair:4)
  Joseph (D:7)
  4 black mambas
  The ghost of DildoBatman the Skirmisher, a novice FoEn of Sif Muna (D:3)
  A gargoyle (D:8)
  A torpor snail (Lair:2)
  11 spiny frogs
  11 komodo dragons
  A hornet (Lair:6)
  4 polar bears
  Prince Ribbit (D:8)
  10 hippogriffs
  9 blink frogs
  A spriggan (Lair:3)
  Sigmund (D:5)
  Grum (D:9)
  2 basilisks (Lair:1)
  7 wraiths
  30 yaks
  3 wyverns
  A steam dragon (D:9)
  A hungry ghost (D:9)
  Eustachio (D:4)
  8 water moccasins
  Edmund (D:4)
  6 porcupines
  2 black bears
  An ice beast (D:8)
  4 orc warriors
  A phantom (D:8)
  A slave (D:7)
  4 ogres
  16 wolves
  8 centaurs
  9 crocodiles
  Blork the orc (D:6)
  10 bullfrogs
  A scorpion (D:4)
  A wyvern skeleton (D:7)
  3 wights (D:10)
  4 killer bees (D:7)
  3 electric eels (D:10)
  3 howler monkeys
  A centaur zombie (D:7)
  4 crimson imps
  2 jellies (D:6)
  11 hounds
  9 orc wizards
  2 orc priests
  A gnoll shaman (D:10)
  3 iguanas
  Ijyb (D:4)
  Natasha (thrice) (D:4)
  3 worker ants
  A hound skeleton (D:8)
  A worker ant zombie (D:9)
  4 gnolls (D:10)
  18 adders
  2 shadow imps
  2 oozes
  An adder zombie (D:7)
  An adder skeleton (D:4)
  2 worms (D:2)
  2 dart slugs
  4 leopard geckos
  40 orcs
  A ball python (D:5)
  8 bats
  2 giant cockroaches
  10 goblins
  8 hobgoblins
  12 jackals
  5 frilled lizards
  8 kobolds
  A leopard gecko skeleton (D:5)
  A quokka skeleton (D:9)
  4 rats
  5 fungi
  2 plants
400 creatures vanquished.

Vanquished Creatures (others)
  A guardian serpent (Lair:6)
  A troll (D:10)
  2 wargs (Lair:1)
  3 wolves
  An orc (D:7)
  A bush (Lair:3)
  24 fungi
  45 plants
78 creatures vanquished.

Grand Total: 478 creatures vanquished

Notes
Turn   | Place    | Note
-------+----------+-------------------------------------------
     0 | Abyss:1  | Gargoyl the Centaur Abyssal Knight began the quest for the Orb.
     0 | Abyss:1  | Reached XP level 1. HP: 19/19 MP: 2/2
    82 | Abyss:1  | Noticed an efreet
    93 | Abyss:1  | Noticed an insubstantial wisp
    93 | Abyss:1  | Noticed an insubstantial wisp
    93 | Abyss:1  | Noticed an insubstantial wisp
    93 | Abyss:1  | Noticed an insubstantial wisp
   104 | Abyss:1  | Noticed a chaos spawn
   120 | Abyss:1  | Noticed a starcursed mass
   126 | Abyss:1  | Noticed a worldbinder
   128 | Abyss:1  | Noticed a deep elf archer
   128 | Abyss:1  | Noticed a deep elf knight
   155 | Abyss:2  | Found a bloodstained altar of Trog.
   203 | Abyss:2  | Noticed a wraith
   226 | Abyss:2  | Found a corrupted altar of Lugonu.
   238 | Abyss:2  | Found a corrupted altar of Lugonu.
   250 | Abyss:3  | Noticed a chaos spawn
   285 | Abyss:3  | Noticed a raiju
   285 | Abyss:3  | Noticed a wretched star
   285 | Abyss:3  | Noticed a smoke demon
   287 | D:1      | Escaped the Abyss
   406 | D:1      | Reached XP level 2. HP: 20/26 MP: 3/3
   602 | D:1      | Reached skill level 2 in Axes
   630 | D:1      | Reached * piety under Lugonu
  1163 | D:2      | Reached XP level 3. HP: 24/31 MP: 3/5
  2256 | D:3      | Noticed an ogre
  2266 | D:3      | Reached XP level 4. HP: 38/38 MP: 6/6
  2709 | D:3      | Noticed DildoBatman's ghost (novice FoEn)
  2763 | D:4      | Noticed a dagger
  2764 | D:4      | Found a hide-covered altar of Uskayaw.
  2764 | D:4      | Noticed a dagger
  2807 | D:4      | Noticed an ogre
  2841 | D:4      | Killed an ogre
  2841 | D:4      | Reached skill level 3 in Axes
  2841 | D:4      | Reached skill level 1 in Dodging
  2841 | D:4      | Reached XP level 5. HP: 37/45 MP: 7/7
  3146 | D:4      | Reached ** piety under Lugonu
  3146 | D:4      | Reached XP level 6. HP: 16/52 MP: 8/8
  3441 | D:4      | Found an iron altar of Okawaru.
  3612 | D:4      | Noticed Natasha
  3616 | D:4      | Killed Natasha
  3643 | D:4      | Noticed Ijyb
  3651 | D:4      | Killed Ijyb
  3740 | D:4      | Noticed Natasha
  3755 | D:4      | Killed Natasha
  4154 | D:4      | Found a shadowy altar of Dithmenos.
  4369 | D:3      | Killed DildoBatman's ghost
  4369 | D:3      | Reached skill level 4 in Axes
  4369 | D:3      | Reached XP level 7. HP: 24/59 MP: 8/10
  4571 | D:3      | Found an ornate altar of the Wu Jian Council.
  4615 | D:3      | Found a faded altar of an unknown god.
  4918 | D:3      | Found a bloodstained altar of Trog.
  4982 | D:4      | Noticed Natasha
  4991 | D:4      | Killed Natasha
  5134 | D:5      | Entered Level 5 of the Dungeon
  5134 | D:5      | Noticed Eustachio
  5137 | D:5      | Noticed Edmund
  5142 | D:4      | Killed Eustachio
  5142 | D:4      | Reached XP level 8. HP: 22/67 MP: 11/11
  5387 | D:4      | Killed Edmund
  5600 | D:5      | Reached skill level 5 in Axes
  5662 | D:5      | Noticed Sigmund
  5672 | D:5      | Killed Sigmund
  5672 | D:5      | Reached skill level 5 in Invocations
  5747 | D:5      | Reached skill level 5 in Armour
  5904 | D:5      | Found a transporter.
  5921 | D:5      | Found a transporter.
  6194 | D:5      | Reached *** piety under Lugonu
  6393 | D:5      | Found Ichiplo's Distillery.
  6401 | D:5      | Bought a potion of might for 40 gold pieces
  6466 | D:6      | Found a shattered altar of Ashenzari.
  6494 | D:6      | Found a white marble altar of Elyvilon.
  6501 | D:6      | Found a staircase to the Ecumenical Temple.
  6637 | D:6      | Identified a scroll of acquirement
  6638 | D:6      | Got a steaming centaur barding
  6644 | D:6      | Identified the +3 centaur barding "Ygannaguu" {Dex+2} (You acquired it on level 6 of the Dungeon)
  6656 | D:6      | Reached skill level 1 in Evocations
  6732 | D:6      | Noticed Blork the orc
  6743 | D:6      | Killed Blork the orc
  6830 | D:6      | Found a basalt altar of Yredelemnul.
  7094 | D:7      | Reached XP level 9. HP: 65/72 MP: 13/13
  7094 | D:7      | Reached skill level 6 in Axes
  7303 | D:7      | Found a blossoming altar of Fedhas.
  7315 | D:7      | Noticed an oklob plant
  7424 | D:7      | Noticed Joseph
  7446 | D:7      | Killed Joseph
  7448 | D:7      | Noticed Pikel
  7659 | D:7      | Found a radiant altar of Vehumet.
  7699 | D:7      | Killed Pikel
  7699 | D:7      | Reached skill level 5 in Fighting
  7699 | D:7      | Reached skill level 7 in Axes
  8064 | D:7      | Identified the Papyrus of Creative Flight
  8422 | D:8      | Reached **** piety under Lugonu
  8772 | D:8      | Noticed Prince Ribbit
  8786 | D:8      | Killed Prince Ribbit
  8786 | D:8      | Reached XP level 10. HP: 48/83 MP: 14/14
  9012 | D:8      | Reached skill level 8 in Axes
  9148 | D:8      | Noticed a gargoyle
  9175 | D:8      | Killed a gargoyle
  9246 | D:8      | Noticed a two-headed ogre
  9253 | D:8      | Got a scintillating platinum ring
  9273 | D:8      | Identified the ring of Namuol Qass {Int+3 SInv Stlth+} (You found it on level 8 of the Dungeon)
  9287 | D:8      | Killed a two-headed ogre
  9553 | D:8      | Noticed a cyclops
  9567 | D:8      | Killed a cyclops
  9993 | D:9      | Reached skill level 9 in Axes
 10076 | D:9      | Found a shimmering altar of Xom.
 10076 | D:9      | Noticed Grum
 10088 | D:9      | Killed Grum
 10379 | D:9      | Noticed Psyche
 10457 | D:9      | Found a stormy altar of Qazlal.
 10672 | D:10     | Entered Level 10 of the Dungeon
 10672 | D:10     | Noticed a red ugly thing
 10684 | D:10     | Killed a red ugly thing
 10723 | D:10     | Noticed Atelerd's ghost (journeyman TeWz)
 10739 | D:10     | Killed Atelerd's ghost
 10739 | D:10     | Reached XP level 11. HP: 64/91 MP: 15/17
 11016 | D:10     | Noticed Harold
 11180 | D:9      | Banished Harold
 11591 | D:10     | Found a staircase to the Lair.
 11741 | D:10     | Noticed a two-headed ogre
 11752 | D:10     | Noticed a wizard
 11762 | D:10     | Killed a wizard
 12066 | D:9      | Killed a two-headed ogre
 12540 | D:10     | Found a staircase to the Orcish Mines.
 12553 | D:10     | Reached skill level 10 in Axes
 12842 | D:10     | Noticed a deep elf mage
 12844 | D:10     | Noticed a deep elf mage
 12848 | D:10     | Killed a deep elf mage
 12932 | D:10     | Noticed a wizard
 12935 | D:10     | Paralysed by a wizard for 6 turns
 12946 | D:10     | Killed a wizard
 13018 | D:10     | Identified the Papyrus of Sand
 13025 | D:10     | Identified the Catalogue of Axaxaxas mlö
 13050 | D:10     | Identified Ts'ui Pên's Grimoire of Forking Paths
 13188 | Lair:1   | Entered Level 1 of the Lair of Beasts
 13191 | Lair:1   | Got a scorched shield
 13202 | Lair:1   | Identified the +1 shield "Viper" {rN+ Int+4} (You found it on level 1 of the Lair of Beasts)
 13238 | Lair:1   | HP: 4/92 [warg (9)]
 13988 | Lair:1   | Noticed a six-headed hydra
 13997 | Lair:1   | Killed a one-headed hydra
 14008 | Lair:1   | Reached skill level 1 in Shields
 14158 | Lair:1   | Found a radiant altar of Vehumet.
 14207 | Lair:1   | Reached XP level 12. HP: 90/100 MP: 19/19
 15847 | Lair:2   | Noticed an eight-headed hydra
 15857 | Lair:2   | Killed a four-headed hydra
 16162 | Lair:2   | Noticed Nergalle
 16191 | Lair:2   | Killed Nergalle
 16191 | Lair:2   | Reached skill level 1 in Throwing
 16191 | Lair:2   | Reached skill level 10 in Invocations
 16214 | Lair:2   | HP: 5/101 [poisoned by Nergalle]
 16220 | Lair:2   | HP: 3/101 [poisoned by Nergalle]
 16228 | Lair:2   | HP: 2/101 [poisoned by Nergalle]
 16236 | Lair:2   | HP: 3/101 [poisoned by Nergalle]
 16770 | Lair:2   | Found a hole to the Spider Nest.
 16918 | Lair:2   | Noticed a catoblepas
 16951 | Lair:2   | Killed a catoblepas
 16951 | Lair:2   | Reached skill level 11 in Axes
 18698 | Lair:3   | Reached ***** piety under Lugonu
 19430 | Lair:4   | Noticed a six-headed hydra
 19442 | Lair:4   | Killed a one-headed hydra
 19442 | Lair:4   | Reached XP level 13. HP: 54/108 MP: 20/20
 19949 | Lair:4   | Found a staircase to the Shoals.
 20874 | Lair:5   | Reached skill level 10 in Armour
 20920 | Lair:5   | Noticed Josephine
 20921 | Lair:5   | Noticed Nessos
 20927 | Lair:6   | Entered Level 6 of the Lair of Beasts
 21127 | Lair:6   | Killed Josephine
 21514 | Lair:5   | Reached skill level 12 in Axes
 21743 | Lair:5   | Killed Nessos
 23263 | Lair:6   | HP: 3/166 [poisoned by a black mamba]
 23264 | Lair:6   | Succumbed to a black mamba's poison

Skill      XL: |  1  2  3  4  5  6  7  8  9 10 11 12 13 |
---------------+----------------------------------------+-----
Axes           | 2 3 4 5 7 9 10 11 12 | 12.3
Armour         | 2 3 4 5 6 7 8 9 10 | 10.5
Dodging        | 1 2 3 |  3.4
Invocations    | 3 4 5 6 8 9 10 11 | 11.3
Fighting       | 4 5 6 7 8 9 |  9.1
Evocations     | 1 |  1.0
Shields        | 1 3 4 |  4.5
Throwing       | 1 |  1.4

Action                   |  1- 3 |  4- 6 |  7- 9 | 10-12 | 13-15 || total
-------------------------+-------+-------+-------+-------+-------++-------
Melee: Hand axe          |     8 |       |       |       |       ||     8
       Kick              |    13 |    23 |    52 |   209 |    70 ||   367
       War axe           |   101 |   105 |   270 |   651 |   252 ||  1379
Throw: Javelin           |       |       |       |     8 |     7 ||    15
Invok: Depart the Abyss  |     1 |       |       |       |       ||     1
       Banish            |       |       |       |     8 |     1 ||     9
       Bend Space        |       |       |       |     1 |     1 ||     2
Evoke: Wand              |       |     3 |     7 |       |       ||    10
  Use: Scroll            |     8 |     1 |    10 |     9 |     6 ||    34
       Potion            |     2 |     3 |     2 |     4 |     1 ||    12
  Eat: Chunk             |     3 |     6 |    12 |    23 |     9 ||    53
       Ration            |       |       |       |     4 |     1 ||     5
Armor: Ring mail         |    86 |    75 |    29 |       |       ||   190
       Chain mail        |       |       |   118 |   617 |   257 ||   992
       Skin              |       |       |    47 |       |       ||    47
Dodge: Dodged            |    73 |    56 |    62 |   119 |    46 ||   356
Block: Other             |       |       |       |    17 |       ||    17
       Shield            |       |       |       |   247 |   232 ||   479
       Buckler           |       |       |       |     3 |       ||     3
       Reflection        |       |       |       |     3 |     3 ||     6
